 Dungeon Crawl Stone Soup version 0.21.1-1-g345015f (webtiles) character file.

283808 dvd the Sorcerer (level 19, 0/115 HPs)
             Began as a Deep Elf Fire Elementalist on July 10, 2018.
             Was the Champion of Vehumet.
             Slain by a spark wasp (5 damage)
             ... on level 1 of the Depths on July 12, 2018.
             The game lasted 03:56:32 (43792 turns).

dvd the Sorcerer (Deep Elf Fire Elementalist)      Turns: 43792, Time: 03:56:34

Health: 0/115      AC: 19    Str:  7    XL:     19   Next: 77%
Magic:  4/46       EV: 25    Int: 31    God:    Vehumet [******]
Gold:   165        SH:  0    Dex: 19    Spells: 1/61 levels left

rFire    + . .     SeeInvis +   K - +7 long sword of Biuqist {slice, rElec}
rCold    + . .     Gourm    .   (no shield)
rNeg     + . .     Faith    .   p - +6 leather armour "Diats" {rPois}
rPois    +         Spirit   .   U - +1 hat
rElec    +         Reflect  .   R - +2 cloak
rCorr    +         Harm     .   j - +0 pair of gloves of Sexoah {rCorr Str+2}
MR       ++++.     Clarity  +   w - +2 pair of boots
Stlth    ++........             h - amulet of the Four Winds {rN+ MR+++ Clar}
HPRegen  0.69/turn              a - ring "Jiuteriobb" {rF+ rC+ Int+4 Dex+4 SInv}
MPRegen  0.30/turn              C - +5 ring of evasion

@: very slightly contaminated, deflect missiles
A: iridescent scales 1, dopey 1, mutation resistance 1, regeneration 1
}: 2/15 runes: serpentine, barnacled
a: Renounce Religion


You were on level 1 of the Depths.
You worshipped Vehumet.
Vehumet was exalted by your worship.
You were hungry.

You visited 9 branches of the dungeon, and saw 35 of its levels.
You visited 1 bazaar.

You collected 3921 gold pieces.
You spent 3756 gold pieces at shops.

Inventory:

Hand Weapons
 H - a +4 quarterstaff of crushing
 K - the +7 long sword of Biuqist (weapon) {slice, rElec}
   (You found it on level 3 of the Snake Pit)

   It inflicts extra damage upon your enemies.
   It insulates you from electricity.
 Q - a +7 quarterstaff of chaos
Armour
 f - the +1 robe of the Hidden Vale {Str+4 Slay+3}
   (You found it on level 4 of the Lair of Beasts)

   It affects your strength (+4).
   It affects your accuracy and damage with ranged weapons and melee attacks
   (+3).
 j - the +0 pair of gloves of Sexoah (worn) {rCorr Str+2}
   (You acquired it on level 8 of the Dungeon)

   It affects your strength (+2).
   It protects you from acid and corrosion.
 p - the +6 leather armour "Diats" (worn) {rPois}
   (You bought it in a shop in a bazaar)

   It protects you from poison.
 q - a +0 cloak of magic resistance
 w - a +2 pair of boots (worn)
 R - a +2 cloak (worn)
 U - a +1 hat (worn)
 Z - the +2 robe of the Bard {rElec}
   (You found it on level 6 of the Lair of Beasts)

   It insulates you from electricity.
Jewellery
 a - the ring "Jiuteriobb" (left hand) {rF+ rC+ Int+4 Dex+4 SInv}
   (You bought it in a shop in a bazaar)

   [ring of protection from cold]

   It affects your intelligence (+4).
   It affects your dexterity (+4).
   It protects you from fire.
   It protects you from cold.
   It lets you see invisible.
 h - the amulet of the Four Winds (around neck) {rN+ MR+++ Clar}
   (You bought it in a shop in a bazaar)

   [amulet of nothing]

   It protects you from negative energy.
   It affects your resistance to hostile enchantments.
   It protects you against confusion.
 C - a +5 ring of evasion (right hand)
 L - a +5 ring of protection
Wands
 d - a wand of clouds (7)
 s - a wand of flame (52)
 D - a wand of iceblast (13)
 M - a wand of scattershot (4)
 N - a wand of digging (16)
 S - a wand of acid (12)
Scrolls
 e - 14 scrolls of remove curse
 k - 16 scrolls of identify
 l - 3 scrolls of magic mapping
 m - 16 scrolls of teleportation
 n - 3 scrolls of blinking
 x - a scroll of amnesia
 B - 6 scrolls of fear
 W - a scroll of fog
Potions
 b - 4 potions of heal wounds
 g - 10 potions of flight
 i - 4 potions of ambrosia
 o - 2 potions of agility
 r - 11 potions of curing
 t - a potion of might
 u - a potion of mutation
 v - 3 potions of resistance
 A - 4 potions of cancellation
 F - a potion of brilliance
 J - a potion of invisibility
 P - 3 potions of haste
 T - 2 potions of magic
Books
 z - a book of Air

   Spells                             Type                      Level
   a - Shock                          Conjuration/Air              1
   b - Swiftness                      Charms/Air                   2
   c - Static Discharge               Conjuration/Air              3
   d - Airstrike                      Air                          4
   e - Lightning Bolt                 Conjuration/Air              5
 E - a book of the Sky

   Spells                             Type                      Level
   a - Summon Lightning Spire         Summoning/Air                4
   b - Silence                        Hexes/Air                    5
   c - Deflect Missiles               Charms/Air                   6
   d - Conjure Ball Lightning         Conjuration/Air              6
   e - Tornado                        Air                          9
 Y - a book of Necromancy

   Spells                             Type                      Level
   a - Pain                           Necromancy                   1
   b - Animate Skeleton               Necromancy                   1
   c - Vampiric Draining              Necromancy                   3
   d - Regeneration                   Charms/Necromancy            3
   e - Animate Dead                   Necromancy                   4
   f - Borgnjor's Vile Clutch         Necromancy/Earth             5
Comestibles
 c - 68 rations
 G - 14 chunks of flesh


   Skills:
 + Level 11.3 Fighting
   Level 1.2(2.1) Short Blades
 + Level 2.4(2.5) Long Blades
 + Level 12.1 Staves
 + Level 3.2 Armour
 + Level 10.6 Dodging
 - Level 2.4 Stealth
 + Level 21.8 Spellcasting
 * Level 16.1 Conjurations
 + Level 4.7 Hexes
 + Level 11.2 Charms
 + Level 4.9 Necromancy
 + Level 6.6 Translocations
 + Level 3.4 Transmutations
 + Level 16.8 Fire Magic
 + Level 6.9 Ice Magic
 + Level 3.7 Air Magic
 * Level 2.0 Earth Magic
 + Level 1.3 Evocations


You had one spell level left.
You knew the following spells:

 Your Spells              Type           Power        Failure   Level  Hunger
a - Flame Tongue          Conj/Fire      #####        0%          1    None
b - Lehudib's Crystal Sp  Conj/Erth      ######....   45%         8    ####...
c - Sticky Flame          Conj/Fire      #######.     0%          4    None
d - Fireball              Conj/Fire      #######...   1%          5    None
e - Regeneration          Chrm/Necr      ######....   1%          3    None
f - Shroud of Golubria    Chrm/Tloc      ######....   1%          2    None
g - Yara's Violent Unrav  Hex/Tmut       ######....   1%          5    None
h - Fire Storm            Conj/Fire      #######...   28%         9    ######.
i - Blink                 Tloc           N/A          1%          2    None
k - Bolt of Cold          Conj/Ice       #######...   1%          6    None
l - Ozocubu's Armour      Chrm/Ice       ######..     1%          3    None
m - Bolt of Fire          Conj/Fire      #######...   1%          6    None
n - Deflect Missiles      Chrm/Air       ######....   10%         6    None


Dungeon Overview and Level Annotations

Branches:
Dungeon (15/15)            Temple (1/1) D:5            Lair (6/6) D:11
 Shoals (4/4) Lair:3        Snake (4/4) Lair:2        Slime (0/5) Lair:6
    Orc (2/2) D:10            Elf (1/3) Orc:2        Vaults (1/5) D:14
 Depths (1/5) D:15

Altars:
Ashenzari
Cheibriados
Dithmenos
Elyvilon
Fedhas
Gozag
Hepliaklqana
Kikubaaqudgha
Makhleb
Nemelex Xobeh
Okawaru
Qazlal
Ru
Sif Muna
Trog
Uskayaw
Vehumet
Wu Jian
Xom
Yredelemnul
Zin
The Shining One
Beogh

Shops:
D:9 *   D:10 :%*:[   D:11 %   D:14 *   Orc:2 [*[[   Elf:1 *   Snake:2 !*
Vaults:1 =

Portals:
Abyss: Depths:1

Annotations:
D:3 tkdonut's ghost, amateur HOBe
Shoals:4 exclusion: orange crystal statue
Snake:2 Vashnia


Innate Abilities, Weirdness & Mutations

You are partially covered in iridescent scales. (AC +2)
You are dopey. (Int -2)
You are somewhat resistant to further mutation.
Your natural rate of healing is unusually fast.


Message History

You blink.
The spark wasp burns!
The spark wasp bursts into living lightning!
You deflect the living lightning!
The spark wasp blinks! x2
The sphinx misses you. The sphinx completely misses you.
The sphinx barely misses you. The spark wasp closely misses you.
Casting: Blink
Confirm with . or Enter, or press ? or * to list all spells.
You blink.
The spark wasp burns!
The spark wasp barely misses you. The sphinx hits you but does no damage.
The sphinx barely misses you. The sphinx hits you!
* * * LOW HITPOINT WARNING * * *
Unknown command.
Casting: Blink
Confirm with . or Enter, or press ? or * to list all spells.
You blink.
The spark wasp burns!
The rakshasa hits you with a whip.
* * * LOW HITPOINT WARNING * * *
The spark wasp stings you!
* * * LOW HITPOINT WARNING * * *
The spark wasp shocks you. You resist.
You die...

,***,,.........#.........#.#...#*
,**,,,........##.#######...,...#*
,*,,*########..#.# #..#.#..#*
,,,,*.§..........# #..,,,..#*
,,*,*§§########..# **,,,*,,,,
,,*,*,,*,,,,,,#.?# **,,,,,,*
,,*,*,,*,,,,,,#..# ***,,,**
*,*,*,,,,,***,#..# *****
*,*,*,,,∩≈≈≈#.#.@#
*,*,***,≈,,≈#.#Ry#
*,*,,,,,≈*,≈#.#.H#
*,*≈≈≈≈≈≈*,≈#.#§.#
*,********,≈#.#y.#
*,,,,,,,,,,≈#....#
**,,**#######..#.#
**,,,........##.#
**,,.......§...#


You could see a sphinx, a rakshasa and 2 spark wasps.

Vanquished Creatures
  Nikola (Snake:4)
  Rupert (D:12)
  Frances (Shoals:2)
  A kraken (Shoals:2)
  Kirke (Lair:5)
  Polyphemus (Shoals:3)
  2 sphinxes
  A storm dragon (D:15)
  3 tengu reavers
  A shadow dragon (D:15)
  Ilsuiw (Shoals:4)
  2 fire giants (D:15)
  2 frost giants
  Donald (Shoals:3)
  6 nagarajas
  An orc warlord (Orc:1)
  Louise (Snake:4)
  A vault warden (Vaults:1)
  Aizul (Snake:4)
  3 ironheart preservers (Vaults:1)
  2 stone giants
  A vampire knight (D:15)
  A spark wasp (Depths:1)
  A deep elf annihilator (Vaults:1)
  An ettin (Depths:1)
  3 merfolk javelineers (Shoals:4)
  4 merfolk impalers
  Josephine (Lair:5)
  Harold (D:11)
  3 fire dragons
  3 yaktaur captains
  3 merfolk avatars
  2 rakshasas (Depths:1)
  6 hydras
  9 naga warriors
  2 catoblepae
  11 merfolk aquamancers
  2 satyrs
  14 two-headed ogres
  19 anacondas
  A dancing weapon (Elf:1)
  5 ogre magi
  8 centaur warriors
  A tengu warrior (D:15)
  9 death yaks
  2 deep troll earth magi (D:15)
  An orc high priest (Orc:1)
  7 shock serpents
  12 naga sharpshooters
  A hell knight (D:15)
  Sonja (Lair:2)
  3 deep elf knights
  The ghost of CrazyArbalest the Quickloader, a novice KoHu of Okawaru (D:8)
  4 salamander mystics
  A skeletal warrior (Vaults:1)
  21 sea snakes
  An unseen horror (Vaults:1)
  2 swamp dragons
  A flayed ghost (Vaults:1)
  2 deep elf archers
  6 naga ritualists
  8 harpies
  A necromancer (Vaults:1)
  A glowing orange brain (Snake:3)
  4 ironbrand convokers (Vaults:1)
  6 orc knights
  A phantasmal warrior (D:15)
  2 wolf spider zombies (D:14)
  9 oklob plants
  11 deep elf magi
  24 mana vipers
  4 lindwurms
  14 fauns
  7 salamanders
  4 orc sorcerers
  6 ugly things
  A shining eye (shapeshifter) (Lair:5)
  A wolf spider (Vaults:1)
  8 cyclopes
  13 manticores
  6 merfolk sirens
  A centaur zombie (D:13)
  Joseph (D:7)
  13 elephants
  2 vault sentinels (Vaults:1)
  32 black mambas
  6 guardian serpents
  14 naga magi
  7 water nymphs
  An eye of devastation (shapeshifter) (Vaults:1)
  6 komodo dragons
  12 spiny frogs
  17 rime drakes
  5 yaktaurs
  A human skeleton (Vaults:1)
  A meliai (shapeshifter) (D:15)
  28 merfolk
  A tengu conjurer (D:15)
  A wind drake (shapeshifter) (Shoals:4)
  7 trolls
  3 queen bees
  4 wind drakes
  A raiju (shapeshifter) (Vaults:1)
  An ettin zombie (Vaults:1)
  17 dream sheep
  A dream sheep (shapeshifter) (D:14)
  17 hippogriffs
  15 blink frogs
  7 snapping turtles
  A spriggan (Lair:1)
  A human simulacrum (Vaults:1)
  A centaur simulacrum (D:14)
  2 redbacks
  7 wyverns
  15 water elementals
  A shadow (D:13)
  A vampire (D:10)
  4 wraiths
  37 yaks
  7 basilisks
  3 chaos spawn (Depths:1)
  4 large abominations (Depths:1)
  A fire elemental (Elf:1)
  12 steam dragons
  Grum (D:8)
  A hog (Lair:5)
  2 hungry ghosts
  5 vampire mosquitoes
  2 wargs
  A soldier ant (D:11)
  4 insubstantial wisps
  20 nagas
  An acid dragon (Lair:6)
  7 water moccasins
  A floating eye (shapeshifter) (Vaults:1)
  Duvessa (D:7)
  3 swamp drakes (Lair:6)
  7 porcupines
  3 ice beasts
  A hell hound (Lair:5)
  56 orc warriors
  7 sky beasts
  3 black bears
  A boggart (Depths:1)
  A necrophage (D:11)
  13 wolves
  23 centaurs
  29 ogres
  7 crocodiles
  8 small abominations (Depths:1)
  5 big kobolds
  A human zombie (Vaults:1)
  A wyvern zombie (D:8)
  A gnoll sergeant (Orc:2)
  24 bullfrogs
  3 earth elementals (D:15)
  Dowan (D:7)
  3 scorpions
  3 wights (D:8)
  37 killer bees
  11 electric eels
  6 crimson imps
  A bullfrog zombie (D:10)
  2 jellies
  A quasit (D:7)
  Crazy Yiuf (D:7)
  23 orc priests
  12 hounds
  32 orc wizards
  3 centaur skeletons
  11 iguanas
  9 worker ants
  4 hell rats (Lair:1)
  3 worker ant zombies
  7 gnolls
  A howler monkey skeleton (D:8)
  8 adders
  17 river rats (Lair:1)
  3 shadow imps
  An ooze (D:1)
  An adder zombie (D:7)
  2 adder skeletons
  2 worms
  6 leopard geckos
  102 orcs
  4 giant cockroaches
  3 goblins
  4 hobgoblins
  9 jackals
  13 quokkas
  3 ball pythons
  6 bats
  3 frilled lizards
  A jackal skeleton (D:5)
  20 kobolds
  2 leopard gecko skeletons (D:4)
  A quokka zombie (D:6)
  18 rats
  13 bushes (D:8)
  2 fungi (Lair:5)
  29 plants
1348 creatures vanquished.

Vanquished Creatures (collateral kills)
  A sky beast (shapeshifter) (Lair:2)
1 creature vanquished.

Vanquished Creatures (others)
  A naga sharpshooter (Snake:4)
  An elephant (shapeshifter) (Depths:1)
  A rime drake (Lair:4)
  A redback (Depths:1)
  A human (Lair:5)
  A naga (Snake:4)
  A bush (Lair:5)
  25 fungi
  28 plants
60 creatures vanquished.

Grand Total: 1409 creatures vanquished

Notes
Turn   | Place    | Note
-------+----------+-------------------------------------------
     0 | D:1      | dvd the Deep Elf Fire Elementalist began the quest for the Orb.
     0 | D:1      | Reached XP level 1. HP: 10/10 MP: 6/6
   480 | D:1      | Reached XP level 2. HP: 15/15 MP: 4/8
   518 | D:1      | Learned a level 2 spell: Throw Flame
   938 | D:2      | Reached XP level 3. HP: 19/19 MP: 6/10
  1404 | D:2      | Reached skill level 4 in Spellcasting
  1881 | D:2      | Reached XP level 4. HP: 16/24 MP: 6/12
  2035 | D:3      | Learned a level 4 spell: Sticky Flame
  2083 | D:3      | Noticed tkdonut's ghost (amateur HOBe)
  2237 | D:3      | Reached skill level 5 in Spellcasting
  2316 | D:3      | Reached XP level 5. HP: 27/28 MP: 8/14
  2752 | D:3      | Found a white marble altar of Elyvilon.
  2881 | D:3      | Found a basalt altar of Yredelemnul.
  3098 | D:4      | Reached skill level 5 in Fire Magic
  3137 | D:4      | Learned a level 5 spell: Fireball
  3358 | D:4      | Noticed an orc warrior
  3371 | D:4      | Reached XP level 6. HP: 31/32 MP: 7/16
  3374 | D:4      | Killed an orc warrior
  3374 | D:4      | Reached skill level 6 in Spellcasting
  3574 | D:4      | Found a shattered altar of Ashenzari.
  3696 | D:4      | Found a large runed door.
  3696 | D:4      | Found a large runed door.
  3958 | D:4      | Reached XP level 7. HP: 28/36 MP: 10/18
  4068 | D:4      | Found a large runed door.
  4068 | D:4      | Found a large runed door.
  4165 | D:4      | Reached skill level 7 in Spellcasting
  4336 | D:4      | Reached skill level 1 in Fighting
  4683 | D:5      | Entered Level 5 of the Dungeon
  5192 | D:5      | Found a staircase to the Ecumenical Temple.
  5199 | Temple   | Entered the Ecumenical Temple
  5251 | Temple   | Became a worshipper of Vehumet
  5738 | D:6      | Reached XP level 8. HP: 45/45 MP: 14/21
  5763 | D:6      | Reached skill level 8 in Spellcasting
  5763 | D:6      | Reached skill level 5 in Conjurations
  6052 | D:6      | Learned a level 3 spell: Regeneration
  6055 | D:6      | Learned a level 2 spell: Shroud of Golubria
  6307 | D:6      | Reached * piety under Vehumet
  6307 | D:6      | Offered knowledge of Magic Dart by Vehumet.
  6312 | D:6      | Learned a level 1 spell: Magic Dart
  7156 | D:7      | Found a shadowy altar of Dithmenos.
  7309 | D:7      | Reached skill level 9 in Spellcasting
  7413 | D:7      | Reached XP level 9. HP: 52/52 MP: 12/24
  7792 | D:7      | Learned a level 4 spell: Throw Icicle
  7827 | D:7      | Reached ** piety under Vehumet
  7832 | D:7      | Offered knowledge of Shock by Vehumet.
  7837 | D:7      | Reached skill level 10 in Spellcasting
  7900 | D:7      | Noticed Duvessa
  7901 | D:7      | Noticed Dowan
  7909 | D:7      | Killed Duvessa
  7911 | D:7      | Killed Dowan
  7911 | D:7      | Reached skill level 5 in Fighting
  8026 | D:7      | Noticed Joseph
  8030 | D:7      | Killed Joseph
  8285 | D:7      | Found a runed door.
  8289 | D:7      | Noticed Crazy Yiuf
  8290 | D:7      | Killed Crazy Yiuf
  8552 | D:8      | Reached skill level 1 in Short Blades
  8574 | D:8      | Reached skill level 11 in Spellcasting
  8584 | D:8      | Learned a level 2 spell: Blink
  8647 | D:8      | Noticed CrazyArbalest's ghost (novice KoHu)
  8798 | D:8      | Reached XP level 10. HP: 22/61 MP: 15/27
  8800 | D:8      | Found a hide-covered altar of Uskayaw.
  8804 | D:8      | Found a bloodstained altar of Trog.
  9157 | D:10     | Entered Level 10 of the Dungeon
  9158 | D:10     | Offered knowledge of Dazzling Spray by Vehumet.
  9381 | D:9      | Reached skill level 5 in Dodging
  9474 | D:9      | Reached skill level 1 in Staves
  9629 | D:9      | Found Puaj's Assorted Antiques.
  9817 | D:9      | Reached skill level 1 in Ice Magic
  9934 | D:9      | Reached *** piety under Vehumet
  9934 | D:9      | Reached skill level 1 in Charms
  9935 | D:9      | Reached skill level 1 in Translocations
 10600 | D:8      | Offered knowledge of Olgreb's Toxic Radiance by Vehumet.
 10611 | D:8      | Identified a scroll of acquirement
 10612 | D:8      | Got a scorched cloak
 10623 | D:8      | Identified the +0 cloak of Fortitude {*Corrode rN++ MP-9 Str+2} (You acquired it on level 8 of the Dungeon)
 10682 | D:8      | Found a deep blue altar of Sif Muna.
 10696 | D:8      | Reached skill level 12 in Spellcasting
 10732 | D:8      | Found an ancient bone altar of Kikubaaqudgha.
 10732 | D:8      | Found a snail-covered altar of Cheibriados.
 10732 | D:8      | Found an iron altar of Okawaru.
 10734 | D:8      | Found a glowing golden altar of the Shining One.
 10735 | D:8      | Found a hazy altar of Hepliaklqana.
 10736 | D:8      | Found an ornate altar of the Wu Jian Council.
 10937 | D:8      | Got a pair of fine gloves
 10943 | D:8      | Identified the +0 pair of gloves of Sexoah {rCorr Str+2} (You acquired it on level 8 of the Dungeon)
 11041 | D:8      | Killed CrazyArbalest's ghost
 11180 | D:8      | Reached XP level 11. HP: 59/68 MP: 22/29
 11496 | D:8      | Noticed Grum
 11500 | D:8      | Reached **** piety under Vehumet
 11504 | D:8      | Killed Grum
 11652 | D:8      | Found a blossoming altar of Fedhas.
 11671 | D:8      | Noticed an oklob plant
 11776 | D:10     | Found Nanah's Antique Armour Shoppe.
 11780 | D:10     | Bought a shiny helmet for 210 gold pieces
 11804 | D:10     | Offered knowledge of Lightning Bolt by Vehumet.
 11816 | D:10     | Learned a level 5 spell: Lightning Bolt
 11905 | D:10     | Found a staircase to the Orcish Mines.
 11905 | D:10     | Found Panwet's Book Boutique.
 11907 | D:10     | Found Plog's Assorted Antiques.
 12226 | D:10     | Found Solaiwna's Food Shoppe.
 12475 | D:10     | Found Qudojymu's Book Emporium.
 12604 | D:11     | Noticed Harold
 12607 | D:11     | Killed Harold
 12607 | D:11     | Reached ***** piety under Vehumet
 12608 | D:11     | Noticed a two-headed ogre
 12620 | D:11     | Offered knowledge of Airstrike by Vehumet.
 12621 | D:11     | Killed a two-headed ogre
 12701 | D:11     | Reached skill level 13 in Spellcasting
 12847 | D:11     | Found a staircase to the Lair.
 13119 | D:11     | Reached skill level 10 in Fighting
 13119 | D:11     | Reached skill level 5 in Staves
 13119 | D:11     | Reached skill level 10 in Fire Magic
 13119 | D:11     | Reached XP level 12. HP: 77/77 MP: 31/31
 13134 | D:11     | Gained mutation: Your magical capacity is low. (-10% MP) [potion of mutation]
 13134 | D:11     | Gained mutation: Scrolls take you a little longer to read. [potion of mutation]
 13134 | D:11     | Gained mutation: You are robust. (+10% HP) [potion of mutation]
 13307 | D:11     | Found Ihivus's Food Boutique.
 13719 | Lair:1   | Entered Level 1 of the Lair of Beasts
 13778 | Lair:1   | Noticed a seven-headed hydra
 13784 | Lair:1   | Killed a seven-headed hydra
 13967 | Lair:1   | Offered knowledge of Bolt of Cold by Vehumet.
 14215 | Lair:1   | Learned a level 6 spell: Bolt of Cold
 14450 | Lair:1   | Reached XP level 13. HP: 90/90 MP: 24/29
 14749 | Lair:2   | Noticed Sonja
 14751 | Lair:2   | Killed Sonja
 14762 | Lair:2   | Reached skill level 10 in Conjurations
 14952 | Lair:2   | Reached skill level 14 in Spellcasting
 15168 | Lair:2   | Reached skill level 5 in Charms
 15216 | Lair:2   | Got an encrusted long sword
 15219 | Lair:2   | Found a staircase to the Snake Pit.
 15224 | Lair:2   | Identified the +4 long sword of Massacring {freeze, rC+} (You found it on level 2 of the Lair of Beasts)
 16254 | Lair:3   | Found a staircase to the Shoals.
 16973 | Lair:4   | Offered knowledge of Iron Shot by Vehumet.
 17124 | Lair:4   | Noticed a fire dragon
 17129 | Lair:4   | Killed a fire dragon
 17708 | Lair:4   | Got a jewelled arbalest
 17711 | Lair:4   | Identified the +10 arbalest of Capital Punishment {venom, *Slow Str+3} (You found it on level 4 of the Lair of Beasts)
 17711 | Lair:4   | Lost mutation: You are robust. (+10% HP) [potion of mutation]
 17711 | Lair:4   | Lost mutation: Your magical capacity is low. (-10% MP) [potion of mutation]
 17711 | Lair:4   | Lost mutation: Scrolls take you a little longer to read. [potion of mutation]
 17711 | Lair:4   | Gained mutation: You have a beak for a mouth. [potion of mutation]
 17711 | Lair:4   | Gained mutation: Your spells are a little harder to cast, but a little more powerful. [potion of mutation]
 17711 | Lair:4   | Gained mutation: Your body sometimes deteriorates upon taking damage. [potion of mutation]
 17711 | Lair:4   | Gained mutation: You have a pair of small horns on your head. [potion of mutation]
 17793 | Lair:4   | Got a twisted robe
 17804 | Lair:4   | Identified the +1 robe of the Hidden Vale {Str+4 Slay+3} (You found it on level 4 of the Lair of Beasts)
 18178 | Lair:4   | Reached XP level 14. HP: 38/88 MP: 4/34
 18368 | Lair:5   | Noticed Josephine
 18373 | Lair:5   | Killed Josephine
 18427 | Lair:5   | Noticed Kirke
 18580 | Lair:5   | Reached skill level 15 in Spellcasting
 18644 | Lair:5   | Got a creamy pearl robe
 18661 | Lair:5   | Identified the +0 robe of a Hundred Nights {*Contam Regen+ Dex+4} (You found it on level 5 of the Lair of Beasts)
 18766 | Lair:5   | Gained mutation: You are frail. (-10% HP) [a shining eye]
 19278 | Lair:5   | Killed Kirke
 19647 | Lair:6   | Entered Level 6 of the Lair of Beasts
 19797 | Lair:6   | Found a staircase to the Slime Pits.
 20174 | Lair:6   | Reached skill level 16 in Spellcasting
 20178 | Lair:6   | Reached skill level 5 in Translocations
 20518 | Lair:6   | Identified the +11 falchion of Wuila {flame, rElec rC- MR+ Dex+2} (You found it on level 6 of the Lair of Beasts)
 20593 | Lair:6   | Offered knowledge of Venom Bolt by Vehumet.
 21228 | Lair:6   | Lost mutation: You have a pair of small horns on your head. [potion of mutation]
 21228 | Lair:6   | Lost mutation: Your spells are a little harder to cast, but a little more powerful. [potion of mutation]
 21228 | Lair:6   | Lost mutation: You are frail. (-10% HP) [potion of mutation]
 21228 | Lair:6   | Lost mutation: Your body sometimes deteriorates upon taking damage. [potion of mutation]
 21228 | Lair:6   | Gained mutation: You are partially covered in iridescent scales. (AC +2) [potion of mutation]
 21228 | Lair:6   | Gained mutation: Your spells are a little harder to cast, but a little more powerful. [potion of mutation]
 21228 | Lair:6   | Gained mutation: Armour fits poorly on your strangely shaped body. [potion of mutation]
 21228 | Lair:6   | Gained mutation: Your natural rate of healing is unusually fast. [potion of mutation]
 22157 | Orc:1    | Entered Level 1 of the Orcish Mines
 22236 | Orc:1    | Reached XP level 15. HP: 92/93 MP: 30/37
 22596 | Orc:1    | Noticed an orc warlord
 22604 | Orc:1    | Killed an orc warlord
 23053 | Orc:1    | Found a roughly hewn altar of Beogh.
 23487 | Lair:6   | Got a smoking robe
 23498 | Lair:6   | Identified the +2 robe of the Bard {rElec} (You found it on level 6 of the Lair of Beasts)
 23771 | Orc:2    | Entered Level 2 of the Orcish Mines
 23771 | Orc:2    | Found a roughly hewn altar of Beogh.
 23798 | Orc:2    | Found a staircase to the Elven Halls.
 23860 | Orc:2    | Learned a level 3 spell: Ozocubu's Armour
 23874 | Orc:2    | Reached skill level 17 in Spellcasting
 24150 | Orc:2    | Offered knowledge of Ozocubu's Refrigeration by Vehumet.
 24233 | Orc:2    | Found Tomyopn's General Store.
 24233 | Orc:2    | Found Gajitw Alie's Antique Armour Boutique.
 24235 | Orc:2    | Found Itwog's Antique Armour Shop.
 24237 | Orc:2    | Found Kotial's Antique Armour Emporium.
 24246 | Orc:2    | Bought a polished cloak for 304 gold pieces
 24256 | Orc:2    | Identified the +1 cloak of the Sky {MR+ Str+2 Int-5 SInv} (You bought it in a shop on level 2 of the Orcish Mines)
 24312 | Orc:2    | Bought a glowing hat for 231 gold pieces
 24626 | D:12     | Noticed Rupert
 24646 | D:12     | Killed Rupert
 25012 | D:12     | Found an opulent altar of Gozag.
 25062 | D:12     | Reached skill level 10 in Staves
 25552 | Orc:2    | Bought an embroidered scarf for 256 gold pieces
 25672 | D:9      | Bought a glowing cloak for 180 gold pieces
 25867 | D:13     | Got a heavily runed silver ring
 25869 | D:13     | Identified the ring of Ywob {*Drain +Inv rPois Int+2 Stlth+} (You took it off an orc warrior on level 13 of the Dungeon)
 25881 | D:13     | Reached ****** piety under Vehumet
 26241 | D:13     | Offered knowledge of Bolt of Fire by Vehumet.
 26257 | D:13     | Learned a level 6 spell: Bolt of Fire
 26799 | D:14     | Found Yvvaruj's General Store.
 27009 | D:14     | Found a gate to the Vaults.
 27103 | D:14     | You fall through a shaft!
 27103 | D:15     | Entered Level 15 of the Dungeon
 27105 | D:15     | Found a huge runed gate.
 27105 | D:15     | Found a huge runed gate.
 27105 | D:15     | Found a huge runed gate.
 27105 | D:15     | Found a huge runed gate.
 27109 | D:15     | Found a huge runed gate.
 27109 | D:15     | Found a huge runed gate.
 27110 | D:15     | Found a huge runed gate.
 27113 | D:15     | Found a huge runed gate.
 27211 | D:15     | Found a huge runed gate.
 27212 | D:15     | Found a huge runed gate.
 27221 | D:15     | Found a huge runed gate.
 27221 | D:15     | Found a huge runed gate.
 27237 | D:15     | Found a huge runed gate.
 27237 | D:15     | Found a huge runed gate.
 27237 | D:15     | Found a huge runed gate.
 27237 | D:15     | Found a huge runed gate.
 27237 | D:15     | Found a huge runed gate.
 27241 | D:15     | Found a huge runed gate.
 27241 | D:15     | Found a huge runed gate.
 27241 | D:15     | Found a huge runed gate.
 27243 | D:15     | Found a huge runed gate.
 27245 | D:15     | Found a huge runed gate.
 27246 | D:15     | Found a huge runed gate.
 27247 | D:15     | Found a huge runed gate.
 27248 | D:15     | Found a huge runed gate.
 27249 | D:15     | Found a huge runed gate.
 27487 | D:15     | Reached XP level 16. HP: 88/99 MP: 35/39
 27595 | D:15     | Found a staircase to the Depths.
 27649 | D:15     | Found a gateway to a bazaar.
 27670 | Bazaar   | Entered a bazaar
 27673 | Bazaar   | Found Wiveg's Jewellery Shop.
 27687 | Bazaar   | Found Ijajok's Magic Scroll Shop.
 27710 | Bazaar   | Found Visuthraff's Jewellery Shop.
 27715 | Bazaar   | Bought the ring "Jiuteriobb" {rF+ rC+ Int+4 Dex+4 SInv} for 480 gold pieces
 27715 | Bazaar   | Bought the amulet of the Four Winds {rN+ MR+++ Clar} for 351 gold pieces
 27715 | Bazaar   | Found the amulet of the Four Winds {rN+ MR+++ Clar}
 27727 | Bazaar   | Found Mob Enaynt's Armour Boutique.
 27737 | Bazaar   | Bought the +6 leather armour "Diats" {rPois} for 691 gold pieces
 27799 | D:15     | Found a huge runed gate.
 27799 | D:15     | Found a huge runed gate.
 27799 | D:15     | Found a huge runed gate.
 27799 | D:15     | Found a huge runed gate.
 27799 | D:15     | Found a huge runed gate.
 27800 | D:15     | Found a huge runed gate.
 27804 | D:15     | Found a huge runed gate.
 27825 | D:15     | Noticed a sphinx
 27825 | D:15     | Noticed a storm dragon
 27825 | D:15     | Noticed a shadow dragon
 27825 | D:15     | Noticed a tengu reaver
 27883 | D:15     | Reached skill level 18 in Spellcasting
 27898 | D:15     | Killed a sphinx
 27989 | D:15     | Killed a storm dragon
 28156 | D:15     | Killed a tengu reaver
 28301 | D:15     | Killed a shadow dragon
 28303 | D:15     | Reached skill level 1 in Armour
 28303 | D:15     | Reached skill level 5 in Ice Magic
 29004 | Snake:1  | Entered Level 1 of the Snake Pit
 30513 | Snake:2  | Reached skill level 1 in Evocations
 30710 | Snake:2  | Offered knowledge of Conjure Ball Lightning by Vehumet.
 30946 | Snake:2  | Found Qeuxzom's Assorted Antiques.
 30948 | Snake:2  | Found Ilout's Distillery.
 30976 | Snake:2  | Bought a potion of heal wounds for 80 gold pieces
 30976 | Snake:2  | Bought a potion of heal wounds for 80 gold pieces
 30976 | Snake:2  | Bought a potion of curing for 48 gold pieces
 31134 | Snake:2  | Noticed Vashnia
 31562 | Snake:2  | Identified the cursed +0 ring mail of Inuivohe {rC+ Int+4 Dex+4 Slay-3} (You found it on level 2 of the Snake Pit)
 32227 | Snake:3  | Learned a level 5 spell: Yara's Violent Unravelling
 32299 | Snake:3  | Reached XP level 17. HP: 103/104 MP: 34/41
 32336 | Snake:3  | Reached skill level 19 in Spellcasting
 32459 | Snake:3  | Reached skill level 1 in Hexes
 32488 | Snake:3  | Reached skill level 1 in Transmutations
 33086 | Snake:3  | Got a jewelled long sword
 33087 | Snake:3  | Identified the +7 long sword of Biuqist {slice, rElec} (You found it on level 3 of the Snake Pit)
 33106 | Snake:4  | Entered Level 4 of the Snake Pit
 33117 | Snake:4  | Reached skill level 10 in Charms
 33120 | Snake:4  | Noticed Nikola
 33340 | Snake:4  | Killed Nikola
 33340 | Snake:4  | Reached skill level 1 in Long Blades
 33547 | Snake:4  | Noticed Aizul
 33558 | Snake:4  | Killed Aizul
 33569 | Snake:4  | Noticed Louise
 33584 | Snake:4  | Killed Louise
 33584 | Snake:4  | Offered knowledge of Lehudib's Crystal Spear by Vehumet.
 33584 | Snake:4  | Offered knowledge of Fire Storm by Vehumet.
 33584 | Snake:4  | Offered knowledge of Tornado by Vehumet.
 33624 | Snake:4  | Reached skill level 10 in Dodging
 33639 | Snake:4  | Learned a level 9 spell: Fire Storm
 35049 | Snake:4  | Reached skill level 20 in Spellcasting
 35471 | Snake:4  | Reached XP level 18. HP: 90/110 MP: 22/44
 35922 | Snake:4  | Got a serpentine rune of Zot
 36276 | Shoals:1 | Entered Level 1 of the Shoals
 37076 | Shoals:2 | Noticed Frances
 37080 | Shoals:2 | Killed Frances
 37291 | Shoals:2 | Reached skill level 15 in Conjurations
 37392 | Shoals:2 | Reached skill level 15 in Fire Magic
 37876 | Shoals:2 | You fall through a shaft!
 38149 | Shoals:3 | Noticed Polyphemus
 38173 | Shoals:3 | Killed Polyphemus
 38978 | Shoals:3 | Noticed Donald
 38983 | Shoals:3 | Killed Donald
 39308 | Shoals:4 | Entered Level 4 of the Shoals
 39394 | Shoals:4 | Noticed Ilsuiw
 39401 | Shoals:4 | Reached skill level 21 in Spellcasting
 39407 | Shoals:4 | Killed Ilsuiw
 39677 | Shoals:4 | Reached XP level 19. HP: 105/115 MP: 21/46
 39817 | Shoals:4 | Got a barnacled rune of Zot
 40298 | Vaults:1 | Entered Level 1 of the Vaults
 40865 | D:14     | Lost mutation: Armour fits poorly on your strangely shaped body. [potion of mutation]
 40865 | D:14     | Lost mutation: Your spells are a little harder to cast, but a little more powerful. [potion of mutation]
 40865 | D:14     | Lost mutation: You have a beak for a mouth. [potion of mutation]
 40865 | D:14     | Gained mutation: You are dopey. (Int -2) [potion of mutation]
 40865 | D:14     | Gained mutation: You are somewhat resistant to further mutation. [potion of mutation]
 41922 | D:10     | Bought a book of the Sky for 845 gold pieces
 41929 | D:10     | Learned a level 6 spell: Deflect Missiles
 42134 | Vaults:1 | Found Sysitt's Jewellery Shoppe.
 42982 | Elf:1    | Entered Level 1 of the Elven Halls
 43096 | Elf:1    | Found Roeghac's Assorted Antiques.
 43289 | Orc:2    | Learned a level 8 spell: Lehudib's Crystal Spear
 43492 | Depths:1 | Entered Level 1 of the Depths
 43512 | D:15     | Reached skill level 1 in Earth Magic
 43688 | Depths:1 | Found a one-way gate to the infinite horrors of the Abyss.
 43792 | Depths:1 | HP: 5/115 [spark wasp (16)]
 43792 | Depths:1 | Slain by a spark wasp

Skill      XL: |  1  2  3  4  5  6  7  8  9 10 11 12 13 14 15 16 17 18 19 |
---------------+----------------------------------------------------------+-----
Fire Magic     | 4 5 6 7 8 9 10 11 12 13 14 16 | 16.8
Spellcasting   | 4 5 6 7 9 11 12 13 14 16 17 18 20 21 | 21.8
Conjurations   | 2 3 4 6 7 8 9 10 12 14 15 16 | 16.1
Dodging        | 3 4 5 6 7 8 9 10 | 10.6
Fighting       | 2 4 6 8 10 11 | 11.3
Short Blades   | 1 |  1.2
Staves         | 3 5 8 9 10 11 12 | 12.1
Ice Magic      | 1 2 3 4 5 6 |  6.9
Charms         | 2 4 6 7 9 10 11 | 11.2
Translocations | 1 3 4 5 6 |  6.6
Necromancy     | 2 3 4 |  4.9
Air Magic      | 2 3 |  3.7
Armour         | 1 2 3 |  3.2
Evocations     | 1 |  1.3
Hexes          | 4 |  4.7
Transmutations | 3 |  3.4
Long Blades    | 1 2 |  2.4
Earth Magic    | 2 |  2.0
Stealth        | |  2.4

Action                   |  1- 3 |  4- 6 |  7- 9 | 10-12 | 13-15 | 16-18 | 19-21 || total
-------------------------+-------+-------+-------+-------+-------+-------+-------++-------
Melee: Dagger            |       |     4 |     2 |       |       |       |       ||     6
       Flail             |       |       |    13 |       |       |       |       ||    13
       Staff             |       |       |     3 |     5 |       |       |       ||     8
       Short sword       |       |       |    13 |       |       |       |       ||    13
       Quarterstaff      |       |       |    11 |   154 |   538 |   336 |   181 ||  1220
       Peck              |       |       |       |       |    70 |    71 |     9 ||   150
       Headbutt          |       |       |       |       |    22 |       |       ||    22
       Long sword        |       |       |       |       |       |    22 |    12 ||    34
 Cast: Flame Tongue      |    47 |    48 |    64 |    33 |    49 |    28 |     5 ||   274
       Throw Flame       |    15 |    25 |    57 |    42 |    29 |    15 |     1 ||   184
       Sticky Flame      |       |     3 |    31 |    43 |    55 |    57 |    21 ||   210
       Fireball          |       |       |    19 |    56 |   210 |   216 |    47 ||   548
       Shroud of Golubri |       |       |     6 |    16 |    63 |    28 |    12 ||   125
       Blink             |       |       |     5 |     6 |     9 |     2 |     9 ||    31
       Throw Icicle      |       |       |       |    10 |    13 |     1 |       ||    24
       Regeneration      |       |       |       |     8 |    27 |    20 |    11 ||    66
       Magic Dart        |       |       |       |     3 |     5 |       |       ||     8
       Lightning Bolt    |       |       |       |     5 |     9 |     2 |       ||    16
       Bolt of Cold      |       |       |       |       |    40 |    31 |     4 ||    75
       Ozocubu's Armour  |       |       |       |       |    19 |    54 |    15 ||    88
       Bolt of Fire      |       |       |       |       |    10 |   166 |    85 ||   261
       Yara's Violent Un |       |       |       |       |       |     7 |     1 ||     8
       Deflect Missiles  |       |       |       |       |       |       |     1 ||     1
Evoke: Wand              |       |       |     1 |       |     4 |     2 |     7 ||    14
  Use: Scroll            |       |       |     2 |    14 |    13 |    12 |     5 ||    46
       Potion            |       |       |     2 |    12 |     6 |       |     4 ||    24
 Stab: Sleeping          |       |     1 |     1 |     1 |     5 |     1 |       ||     9
       Distracted        |       |       |       |     2 |     2 |     1 |       ||     5
       Paralysed         |       |       |       |     1 |    10 |    10 |       ||    21
       Petrified         |       |       |       |       |     9 |       |     3 ||    12
       Petrifying        |       |       |       |       |     1 |       |     1 ||     2
       Invisible         |       |       |       |       |     1 |       |       ||     1
       Confused          |       |       |       |       |       |     2 |       ||     2
  Eat: Chunk             |     3 |     6 |    20 |    24 |    53 |    23 |    10 ||   139
       Ration            |       |       |       |       |       |     3 |     1 ||     4
Armor: Robe              |     3 |     2 |    17 |    14 |    84 |     2 |       ||   122
       Animal skin       |       |       |       |    29 |    25 |       |       ||    54
       Steam dragon scal |       |       |       |       |    12 |       |       ||    12
       Leather armour    |       |       |       |       |       |   147 |    63 ||   210
Dodge: Dodged            |    21 |    10 |    74 |   214 |   669 |   533 |   228 ||  1749
       Deflected         |       |       |       |       |       |       |    11 ||    11
Block: Shield            |       |       |       |       |       |       |     3 ||     3
       Reflection        |       |       |       |       |       |       |     1 ||     1
       Rpst.: Long sword |       |       |       |       |       |    22 |     8 ||    30
